Map: Frozen Temple

Players

Amix

  • Race: Terran Terran
  • League: Platinum
  • Spawn Location: 11:00

Hamchevsky - Winner!

  • Race: Zerg Zerg
  • Spawn Location: 5:00

VOD

Have the link to the VOD?

Description

Time

  • Played on: Nov. 6, 2016, 11:33 a.m.
  • Length: 9:52
Show
View Real Time Build Order
Export as new Build Order

Amix Terran 

Build Orders:  

Get SALT Encoding   

  12  0:01  SCV  
  13  0:13  SCV  
  14  0:20  Supply Depot  
  14  0:25  SCV  
  15  0:37  Refinery  
  15  0:41  SCV  
  16  0:50  Barracks  
  16  0:58  Refinery  
  16  1:00  SCV  
  17  1:12  SCV  
  18  1:23  Barracks  
  18  1:25  SCV  
  19  1:39  Supply Depot  
  19  1:45  Reaper  
  20  2:03  SCV  
  21  2:15  SCV  
  22  2:17  Barracks, Reaper  
  22  2:19  Reaper  
  24  2:27  SCV  
  25  2:49  Reaper  
  25  2:51  Reaper  
  26  3:21  Reaper  
  26  3:23  Reaper  
  26  3:53  Reaper  
  26  3:55  Reaper  
  28  4:25  Reaper  
  28  4:27  Reaper  
  29  4:49  Barracks Reactor  
  29  4:53  SCV  
  29  4:57  Reaper  
  31  5:09  Barracks  
  31  5:13  Supply Depot  
  31  5:15  Supply Depot  
  31  5:35  SCV, Reaper x3  
  33  6:07  Reaper x2  
  35  6:18  Reaper x3  
  38  6:39  Reaper x2  
  38  6:50  Reaper x2  
  39  7:11  Reaper x2  
  35  7:43  Reaper  
Show
View Real Time Build Order
Export as new Build Order

Hamchevsky Zerg - Winner!

Build Orders: Hatch First 

Get SALT Encoding   

  12  0:03  Drone  
  13  0:12  Drone  
  14  0:38  Hatchery  
  13  0:56  Drone  
  14  1:01  Spawning Pool  
  13  1:06  Drone  
  13  1:08  Overlord  
  14  1:30  Drone x2  
  14  1:31  Drone  
  17  1:48  Queen  
  17  1:50  Queen  
  17  1:52  Drone  
  22  2:09  Overlord  
  22  2:15  Drone x2  
  24  2:17  Drone x2  
  24  2:18  Drone  
  27  2:34  Drone  
  27  2:45  Spine Crawler  
  27  2:49  Spine Crawler  
  25  3:05  Queen, Evolution Chamber  
  28  3:07  Evolution Chamber  
  28  3:08  Queen  
  28  3:10  Drone x3  
  32  3:13  Drone x3  
  35  3:42  Drone  
  35  3:44  Overlord  
  36  3:53  Roach Warren  
  35  4:01  Overlord x3  
  35  4:02  Queen  
  37  4:18  Extractor  
  37  4:20  Extractor  
  35  4:31  Queen  
  35  4:33  Drone x2  
  35  4:34  Drone  
  40  4:40  Extractor  
  40  4:41  Extractor  
  38  5:00  Drone x2  
  40  5:10  Drone x5  
  40  5:13  Drone  
  46  5:18  Zerg Missile Weapons Level 1  
  46  5:28  Zerg Ground Armor Level 1  
  46  5:33  Drone  
  46  5:34  Drone x2  
  49  5:37  Lair  
  49  5:57  Hatchery  
  46  6:22  Roach  
  46  6:23  Roach x7  
  46  6:25  Roach x3  
  66  6:55  Spine Crawler  
  66  6:56  Spine Crawler x2  
  66  6:58  Spine Crawler  
  66  7:00  Spine Crawler x2  
  58  7:02  Spine Crawler x2  
  58  7:03  Roach x3, Spine Crawler  
  58  7:04  Spine Crawler  
  58  7:06  Spine Crawler  
  58  7:08  Spine Crawler  
  53  7:15  Zerg Missile Weapons Level 2  
  52  7:23  Zerg Ground Armor Level 2  
  52  8:12  Spine Crawler  
  51  8:13  Spine Crawler  
  51  8:14  Spine Crawler x2  
  51  8:15  Spine Crawler  
  51  8:19  Spine Crawler  
  46  8:26  Roach  
  52  8:27  Roach x2  
  56  9:21  Roach  
  56  9:22  Roach x4  
  60  9:50  Spire  
Tags
 
League
Platinum
Matchup
TvZ
Spawn Locations
Cross Positions
Add a new tag
Caveats
  • Supply blocks, unpowered buildings, or Contaminate may cause inaccurate times.
  • Supply counts are checked every 10 seconds.